 Dungeon Crawl Stone Soup version 0.28-a0-1159-g27aa881441 (webtiles) character file.

Game seed: 9082170799763007778

4239 ders the Geomancer (level 10, -4/50 HPs)
             Began as a Gargoyle Earth Elementalist on Dec 15, 2021.
             Was an Initiate of Vehumet.
             Slain by Erica (9 damage)
             ... on level 8 of the Dungeon.
             The game lasted 00:14:02 (10263 turns).

ders the Geomancer (Gargoyle Earth Elementalist)   Turns: 10263, Time: 00:14:03

Health: -4/50      AC: 11    Str: 12    XL:     10   Next: 30%
Magic:  18/22      EV: 12    Int: 26    God:    Vehumet [......]
Gold:   386        SH:  0    Dex: 14    Spells: 21/25 levels left

rFire   . . .      SeeInvis .   d - staff of earth
rCold   + . .      Faith    .   (no shield)
rNeg    + . .      Spirit   .   b - +1 robe
rPois   ∞          Reflect  .   (no helmet)
rElec   +          Harm     .   (no cloak)
rCorr   .          Rampage  .   (no gloves)
Will    .....                   w - +0 pair of boots
Stlth   ++........              q - amulet of magic regeneration
HPRegen 0.16/turn               a - ring "Seem Kayng" {rC+ Int+6 Dex+4 Slay-3}
MPRegen 0.58/turn               (no ring)

@: brilliant, flying, slowed, invisible, very slow
A: sickness immunity, AC +7, negative energy resistance 1, electricity
resistance, torment resistance 1, petrification resistance
a: Renounce Religion


You were on level 8 of the Dungeon.
You worshipped Vehumet.
Vehumet was noncommittal.
You visited 2 branches of the dungeon, and saw 9 of its levels.

You collected 386 gold pieces.

Inventory:

Hand Weapons
 f - a +2 dagger of venom
Missiles
 c - 158 stones
Armour
 b - a +1 robe (worn)
 w - a +0 pair of boots (worn)
Magical Staves
 d - a staff of earth (weapon)
Jewellery
 a - the ring "Seem Kayng" (left hand) {rC+ Int+6 Dex+4 Slay-3}
   (You acquired it on level 5 of the Dungeon)

   [ring of intelligence]

   Int:       It affects your intelligence (+6).
   Dex:       It affects your dexterity (+4).
   Slay:      It affects your accuracy & damage with ranged weapons and melee
   (-3).
   rC:        It protects you from cold.
 q - an amulet of magic regeneration (around neck)
Wands
 h - a wand of flame (22)
 o - a wand of charming (12)
 x - a wand of digging (6)
 z - a wand of acid (14)
Scrolls
 e - a scroll of enchant armour
 m - 2 scrolls of immolation
 t - 3 scrolls of noise
 y - a scroll of identify
Potions
 i - 2 potions of brilliance
 k - 2 potions of attraction
 l - 3 potions of degeneration
Miscellaneous
 g - a piece from Xom's chessboard (15/15)


   Skills:
 - Level 1.7 Dodging
 - Level 2.4 Stealth
 + Level 8.0 Spellcasting
 + Level 9.1 Conjurations
 - Level 1.0 Transmutations
 + Level 10.7 Earth Magic


You had 21 spell levels left.
You knew the following spells:

 Your Spells              Type           Power      Damage    Failure   Level
a - Sandblast             Erth           100%       2d20      1%          1
b - Stone Arrow           Conj/Erth      100%       3d13      1%          3

Your spell library contained the following spells:

 Spells                   Type           Power      Damage    Failure   Level
 Passwall                 Tmut/Erth      62%        N/A       1%          2
 Petrify                  Tmut/Erth      75%        N/A       4%          4
 Gell's Gravitas          Tloc           15%        N/A       17%         3
 Ozocubu's Armour         Ice            15%        N/A       17%         3
 Summon Guardian Golem    Hex/Summ       15%        N/A       17%         3
 Teleport Other           Tloc           15%        N/A       17%         3
 Orb of Destruction       Conj           36%        9d13      73%         7
 Dispersal                Tloc           7%         N/A       100%        6
 Ozocubu's Refrigeration  Ice            7%         4d6       100%        7
 Spellforged Servitor     Conj/Summ      25%        N/A       100%        7


Dungeon Overview and Level Annotations

Branches:
Dungeon (8/15)             Temple (1/1) D:7
   Lair: D:8-11

Altars:
Ashenzari
Cheibriados
Dithmenos
Fedhas
Gozag
Hepliaklqana
Makhleb
Nemelex Xobeh
Okawaru
Qazlal
Ru
Sif Muna
Trog
Uskayaw
Vehumet
Wu Jian
Xom
Zin
The Shining One

Shops:
D:1 =

Annotations:
D:8 Erica


Innate Abilities, Weirdness & Mutations

You are immune to sickness and miasma.
Your stone body is resilient. (AC +7)
You are immune to poison.
You resist negative energy. (rN+)
You are resistant to electric shocks. (rElec)
You are resistant to unholy torment.
You are immune to petrification.


Message History

Your two-headed ogre is poisoned.
The killer bee poisons your two-headed ogre!
Your two-headed ogre closely misses the killer bee.
Your two-headed ogre hits the killer bee with a +0 giant club!
The killer bee stings you but does no damage.
Something hits you. Something burns you.
The killer bee stings your two-headed ogre.
The killer bee closely misses you.
Okay, then.
You are too confused!
Are you sure you want to stumble around while confused and next to your two-headed ogre?
Okay, then.
Are you sure you want to stumble around while confused and next to your two-headed ogre?
You hit your two-headed ogre but do no damage.
You shatter your two-headed ogre.
Your two-headed ogre is heavily wounded.
Your two-headed ogre dissolves into shadows!
The killer bee stings you but does no damage.
The killer bee closely misses you. Something hits you but does no damage.
The killer bee barely misses you. Something hits you! Something burns you.
* * * LOW HITPOINT WARNING * * *
The killer bee stings you but does no damage.
The killer bee closely misses you.
It was a potion of invisibility.
You fade into invisibility!
The killer bee closely misses you.
The killer bee stings you but does no damage. x3
Something hits you!
* * * LOW HITPOINT WARNING * * *
Something burns you.
* * * LOW HITPOINT WARNING * * *
The killer bee closely misses you. x2; Something barely misses you.
It was a potion of flight.
You feel very buoyant.
You fly up into the air.
You feel less confused. The killer bee closely misses you.
The killer bee misses you. The killer bee closely misses you.
The killer bee barely misses you. The killer bee closely misses you.
Something hits you!
You die...

##.#......,,*,*#.#
*,***,,,,#..##
#.#,......,*.##.#*#.#*.....##..#
#.#,,(y...,*,....,..##....?###Og
#..,,>.....,,,..#*#.##.....##§§#
#..,,....<.***#.# #.###....#§§##
#...,......####.###>##.)...§#g#
#.#.,,,.............##......#§#
*,*,*##.##..###{y......g.(..#§#
*,*,,.......yyy@.........../..##
*,***#####.########.##..........
*,*******#,* #.#######.####
*,,,,,,,,,,* #..,,,,...#
************ ####**#####


You could see 4 killer bees.

Vanquished Creatures
  Pikel (D:8)
  Maggie (D:7)
  Grinder (D:3)
  A hornet (D:8)
  A spriggan (D:7)
  A wyvern (D:7)
  Eustachio (D:6)
  The ghost of lonewolfV2 the Chopper, an amateur DsGl (D:3)
  Menkaure (D:7)
  A water moccasin (D:7)
  A black bear (D:6)
  A sky beast (D:7)
  An ice beast (D:5)
  An ogre (D:5)
  2 necrophages
  A centaur (D:5)
  A phantom (D:4)
  2 kobold brigands (D:5)
  2 lemures (D:8)
  A bullfrog (D:3)
  3 scorpions (D:5)
  A water moccasin zombie (D:6)
  A wyvern skeleton (D:7)
  A water moccasin skeleton (D:6)
  3 wights (D:6)
  3 hounds
  4 orc priests
  2 bullfrog zombies
  2 centaur skeletons
  Jessica (D:3)
  Natasha (thrice) (D:3)
  9 orc wizards
  An iguana (D:5)
  Ijyb (D:3)
  Terence (D:2)
  3 howler monkey zombies
  Robin (D:2)
  9 adders
  A white imp (D:7)
  A worm (D:4)
  The ghost of spaghetti the Sneak, a weakling DjDe (D:5)
  5 dart slugs
  29 orcs
  A bat (D:3)
  5 endoplasms
  A giant cockroach (D:1)
  16 goblins
  7 hobgoblins
  2 jackals (D:4)
  17 kobolds
  5 quokkas
  3 ball pythons
  4 frilled lizards (D:1)
  6 rats
176 creatures vanquished.

Notes
Turn   | Place    | Note
-------+----------+-------------------------------------------
     0 | D:1      | ders the Gargoyle Earth Elementalist began the quest for
                  | the Orb.
     0 | D:1      | Reached XP level 1. HP: 10/10 MP: 3/3
    98 | D:1      | Found Soaforph's Jewellery Shop.
   159 | D:1      | Reached skill level 1 in Transmutations
   159 | D:1      | Reached XP level 2. HP: 15/15 MP: 3/5
   775 | D:1      | Reached skill level 4 in Earth Magic
  1014 | D:1      | Reached skill level 1 in Conjurations
  1014 | D:1      | Reached XP level 3. HP: 19/19 MP: 4/6
  1129 | D:1      | Learned a level 3 spell: Stone Arrow
  1360 | D:2      | Noticed Robin
  1816 | D:2      | Killed Robin
  2084 | D:2      | Noticed Terence
  2099 | D:2      | Identified a scroll of acquirement
  2099 | D:2      | Acquired a staff of earth
  2256 | D:2      | Killed Terence
  2257 | D:2      | Reached XP level 4. HP: 24/24 MP: 0/8
  2352 | D:2      | Found a faded altar of an unknown god.
  2661 | D:3      | Noticed Ijyb
  2665 | D:3      | Killed Ijyb
  2727 | D:3      | Noticed Grinder
  2731 | D:3      | Paralysed by Grinder for 5 turns
  2791 | D:3      | Paralysed by Grinder for 2 turns
  2803 | D:3      | Killed Grinder
  2804 | D:3      | Reached skill level 5 in Earth Magic
  2804 | D:3      | Reached XP level 5. HP: 24/28 MP: 0/10
  2804 | D:3      | Reached XP level 6. HP: 27/32 MP: 0/11
  2968 | D:3      | Noticed Jessica
  2968 | D:3      | Noticed Natasha
  2970 | D:3      | Killed Natasha
  2971 | D:3      | Killed Jessica
  3033 | D:3      | Found a runed translucent door.
  3357 | D:3      | Noticed Natasha
  3358 | D:3      | Killed Natasha
  3464 | D:3      | Noticed Natasha
  3467 | D:3      | Killed Natasha
  3468 | D:3      | Reached skill level 6 in Earth Magic
  3468 | D:3      | Reached XP level 7. HP: 36/36 MP: 6/13
  3541 | D:3      | Noticed lonewolfV2's ghost (amateur DsGl)
  3820 | D:3      | Killed lonewolfV2's ghost
  4153 | D:4      | Reached skill level 5 in Conjurations
  4221 | D:4      | Reached skill level 7 in Earth Magic
  4221 | D:4      | Reached XP level 8. HP: 36/41 MP: 2/15
  4764 | D:4      | Reached skill level 5 in Spellcasting
  5042 | D:4      | Found a shimmering blue altar of Sif Muna.
  5329 | D:5      | Entered Level 5 of the Dungeon
  6013 | D:5      | Reached skill level 8 in Earth Magic
  6455 | D:5      | Found a glowing silver altar of Zin.
  6583 | D:5      | Reached XP level 9. HP: 45/45 MP: 4/18
  6838 | D:5      | Found a runed translucent gate.
  6840 | D:5      | Found a runed translucent gate.
  6840 | D:5      | Found a runed translucent gate.
  6840 | D:5      | Noticed spaghetti's ghost (weakling DjDe)
  6882 | D:5      | Killed spaghetti's ghost
  7050 | D:5      | Acquired the ring "Seem Kayng" {rC+ Int+6 Dex+4 Slay-3}
  7395 | D:6      | Noticed Eustachio
  7401 | D:6      | Killed Eustachio
  7402 | D:6      | Reached skill level 9 in Earth Magic
  8157 | D:7      | Found an ornate altar of the Wu Jian Council.
  8389 | D:7      | Noticed Maggie
  8399 | D:7      | Killed Maggie
  8400 | D:7      | Reached skill level 10 in Earth Magic
  8742 | D:7      | Found a snail-covered altar of Cheibriados.
  8841 | D:7      | Noticed Menkaure
  8842 | D:7      | Found a staircase to the Ecumenical Temple.
  8844 | D:7      | Killed Menkaure
  8845 | D:7      | Reached XP level 10. HP: 50/50 MP: 15/21
  8913 | Temple   | Entered the Ecumenical Temple
  9325 | Temple   | Became a worshipper of Vehumet
  9594 | D:7      | Paralysed by a spriggan for 7 turns
  9690 | D:7      | Found a faded altar of an unknown god.
  9691 | D:7      | Found a hazy altar of Hepliaklqana.
  9877 | D:8      | Found a blossoming altar of Fedhas.
 10030 | D:8      | Noticed Erica
 10157 | D:8      | Found a shimmering altar of Xom.
 10158 | D:8      | Noticed Pikel
 10166 | D:8      | Killed Pikel
 10263 | D:8      | Slain by Erica

Illustrated notes

Levels and vault maps discovered:
D:1:      giann_wishing_wells, layout_basic, serial_shops, shop,
          roderic_serpentine_path
D:2:      layout_rooms, shapermc_ecumenical_altar_mp_vishouse, uniq_terence,
          uniq_crazy_yiuf_cottage, uniq_robin
D:3:      layout_basic, ebering_ghost_sewer_d, uniq_ijyb, uniq_jessica,
          uniq_grinder, uniq_natasha
D:4:      layout_loops_corners, tgw_sif
D:5:      layout_basic, kennysheep_mini_moat, serial_glass, glass_columns_a,
          glass_columns_c, feat_on_display, due_unseen_surprise,
          item_on_display_a, item_on_display_a, gammafunk_ghost_nasty_kobolds,
          amcnicky_mini_rare_corridor_liquid, minmay_door_square,
          lemuel_another_geyser
D:6:      layout_basic, uniq_eustachio
D:7:      layout_basic, cheibriados_altar_1,
          beargit_hepliaklqana_dungeon_heroes, mainiacjoe_overflow_boulevard,
          temple_pool_b, uniq_maggie, uniq_menkaure
D:8:      layout_loops_ring, xom_butterflies, lemuel_crystal_altar,
          lightli_orcish_oven, uniq_erica, uniq_pikel
Temple:   minmay_temple_forest_path

Skill      XL: |  1  2  3  4  5  6  7  8  9 10 |
---------------+-------------------------------+-----
Transmutations | 1 |  1.0
Earth Magic    | 4 5 6 7 8 10 | 10.7
Conjurations   | 1 2 3 4 5 6 8 9 |  9.1
Spellcasting   | 3 4 6 7 8 |  8.0
Dodging        | |  1.7
Stealth        | |  2.4

Action                   |  1- 3 |  4- 6 |  7- 9 | 10-12 || total
-------------------------+-------+-------+-------+-------++-------
Melee: Dagger            |    13 |       |       |       ||    13
       Staff             |       |     1 |     2 |     2 ||     5
 Cast: Sandblast         |    47 |    15 |    35 |     5 ||   102
       Stone Arrow       |     3 |    15 |   115 |    20 ||   153
  Use: Scroll            |     3 |       |     6 |     9 ||    18
       Potion            |       |       |     2 |     5 ||     7
Armor: Robe              |     9 |     3 |    11 |    12 ||    35
Dodge: Dodged            |    19 |     3 |    16 |    18 ||    56

Table legend: (Time is in decaauts)
 A = Elapsed time spent in this place.
 B = Non-inter-level travel time spent in this place.
 C = Inter-level travel time spent in this place.
 D = Time resting spent in this place.
 E = Time spent auto-exploring this place.
 F = Levels seen in this place.
 G = Mean time per level.
                   A        B        C        D        E       F      G
               +--------+--------+--------+--------+--------+-----+--------+
         Total |  10259 |   9768 |    491 |   1540 |   7024 |   9 | 1139.9 |
       Dungeon |   9811 |   9391 |    420 |   1540 |   6661 |   8 | 1226.4 |
        Temple |    447 |    376 |     71 |      0 |    363 |   1 |  447.0 |
               +--------+--------+--------+--------+--------+-----+--------+

Top non-repeatable levels by time:
     D:4: 1863 daAuts
     D:1: 1728 daAuts
     D:5: 1568 daAuts
     D:3: 1361 daAuts
     D:7: 1255 daAuts
     D:6: 831 daAuts
     D:2: 771 daAuts
  Temple: 447 daAuts
     D:8: 432 daAuts
